 Dungeon Crawl Stone Soup version 0.25-a0-290-g4a1327ee3a (webtiles) character file.

Game seed: 686228757290289608, levelgen mode: deterministic

3130 Anathary the Basher (level 9, -12/54 HPs)
             Began as a Gargoyle Fighter on Dec 14, 2019.
             Was a Priest of Makhleb.
             Mangled by a skeletal warrior
             ... wielding a +0 glaive
             ... led by a skeletal warrior
              (17 damage)
             ... on level 12 of the Dungeon.
             The game lasted 00:29:59 (7550 turns).

Anathary the Basher (Gargoyle Fighter)              Turns: 7550, Time: 00:30:00

Health: -12/54     AC: 15    Str: 22    XL:     9   Next: 92%
Magic:  9/9        EV:  7    Int: 13    God:    Makhleb [***...]
Gold:   338        SH:  9    Dex:  9    Spells: 8/8 levels left

rFire    + . .     SeeInvis .   a - +1 flail
rCold    x . .     Gourm    .   c - +0 shield
rNeg     + . .     Faith    .   b - +0 scale mail
rPois    ∞         Spirit   .   t - +0 helmet
rElec    +         Reflect  .   q - scarf {repulsion}
rCorr    .         Harm     .   (no gloves)
MR       ++...                  (no boots)
Stlth    ..........             (no amulet)
HPRegen  0.18/turn              m - ring of the Mage {Wiz MR++ Int+3}
MPRegen  0.11/turn              y - ring of fire

@: repel missiles
A: negative energy resistance 1, electricity resistance, unbreathing,
petrification resistance, rot immunity, AC +6
a: Minor Destruction, Lesser Servant of Makhleb, Renounce Religion


You were on level 12 of the Dungeon.
You worshipped Makhleb.
Makhleb was most pleased with you.
You were not hungry.

You visited 1 branch of the dungeon, and saw 10 of its levels.

You collected 438 gold pieces.
You spent 100 gold pieces at shops.

Inventory:

Hand Weapons
 a - a +1 flail (weapon)
Armour
 b - a +0 scale mail (worn)
 c - a +0 shield (worn)
 q - a scarf of repulsion (worn)
 t - a +0 helmet (worn)
Jewellery
 m - the ring of the Mage (left hand) {Wiz MR++ Int+3}
   (You took it off an orc on level 5 of the Dungeon)

   [ring of wizardry]

   It improves your spell success rate.
   It affects your intelligence (+3).
   It affects your resistance to hostile enchantments.
 y - a ring of fire (right hand)
 C - an uncursed ring of ice
Wands
 v - a wand of random effects (33)
 G - a wand of polymorph (5)
 H - a wand of disintegration (5)
Scrolls
 f - a scroll of magic mapping
 g - 2 scrolls of fog
 h - 2 scrolls of random uselessness
 i - a scroll of identify
 n - 2 scrolls of enchant weapon
 s - 4 scrolls of remove curse
 w - 6 scrolls of teleportation {unknown}
 D - a scroll of enchant armour {unknown}
 E - 3 scrolls of silence {unknown}
 F - a scroll of fear {unknown}
Potions
 d - a potion of might
 e - 2 potions of flight
 j - a potion of brilliance
 k - a potion of heal wounds
 l - a potion of ambrosia
 o - a potion of agility
 p - a potion of mutation
 r - 2 potions of haste
 u - 3 potions of lignification
 x - a potion of berserk rage
 z - a potion of magic
 A - 3 potions of curing
Comestibles
 B - 4 rations


   Skills:
 + Level 5.5 Fighting
 + Level 12.0 Maces & Flails
 + Level 5.6 Armour
 - Level 0.2 Stealth
 - Level 3.4 Shields


You had 8 spell levels left.
You didn't know any spells.
Your spell library contained the following spells:

 Spells                   Type           Power        Failure   Level  Hunger
 Beastly Appendage        Tmut           #.....       77%         1    ##.....
 Shroud of Golubria       Chrm/Tloc      #.....       87%         2    ###....
 Sticks to Snakes         Tmut           #.......     87%         2    ###....
 Spider Form              Tmut/Pois      #.........   98%         3    ####...
 Ice Form                 Ice/Tmut       #.......     100%        4    #####..
 Blade Hands              Tmut           #.........   100%        5    ######.


Dungeon Overview and Level Annotations

Branches:
Dungeon (9/15)             Temple (0/1) D:6
   Lair: D:8-11         Orc: D:9-12

Altars:
Ashenzari
Elyvilon
Makhleb
Qazlal
Ru
Sif Muna
Xom

Shops:
D:6 %   D:8 ??


Innate Abilities, Weirdness & Mutations

You are resistant to torment.
Your stone body is resilient. (AC +6)
You are immune to poison.
You resist negative energy. (rN+)
You are resistant to electric shocks. (rElec)
You can survive without breathing.
You are immune to petrification.
You are immune to rotting.


Message History

A skeletal warrior comes into view. It is wielding a +0 long sword.
You hit the skeletal warrior.
The skeletal warrior is severely damaged.
The skeletal warrior hits you with a +0 glaive!!
* * * LOW HITPOINT WARNING * * *
You closely miss the skeletal warrior.
The skeletal warrior is severely damaged.
You barely miss the skeletal warrior.
The skeletal warrior is severely damaged.
You block the skeletal warrior's attack.
You closely miss the skeletal warrior.
The skeletal warrior is severely damaged.
The skeletal warrior barely misses you.
You hit the skeletal warrior.
The skeletal warrior is severely damaged.
Unknown command.
Your shield prevents you from hitting the skeletal warrior.
The skeletal warrior is severely damaged.
The skeletal warrior hits you with a +0 glaive!
You die...

#. #. #.
.. ## #.
(#z #z#
#z# #@#
#.#
#.....#
#####..$#
##


You could see 3 skeletal warriors.

Vanquished Creatures
  Psyche (D:8)
  A hippogriff (D:7)
  A hungry ghost (D:4)
  2 ogres
  A black bear (D:8)
  A phantom (D:6)
  3 centaurs
  6 bullfrogs
  2 scorpions (D:4)
  5 crimson imps
  A centaur zombie (D:5)
  4 hounds
  5 orc priests
  2 jellies (D:8)
  16 orc wizards
  A bullfrog skeleton (D:5)
  Jessica (D:3)
  An iguana (D:4)
  5 worker ants
  7 gnolls
  4 adders
  3 shadow imps
  An ooze (D:3)
  2 adder zombies (D:8)
  An adder skeleton (D:4)
  2 worms
  3 dart slugs
  4 leopard geckos
  42 orcs
  2 ball pythons (D:3)
  9 giant cockroaches
  3 goblins
  5 hobgoblins
  10 jackals
  6 kobolds
  3 quokkas
  3 bats
  2 frilled lizards
  A jackal skeleton (D:4)
  A quokka skeleton (D:4)
  5 rats
178 creatures vanquished.

Vanquished Creatures (others)
  A rat (D:1)
1 creature vanquished.

Grand Total: 179 creatures vanquished

Notes
Turn   | Place    | Note
-------+----------+-------------------------------------------
     0 | D:1      | Anathary the Gargoyle Fighter began the quest for the Orb.
     0 | D:1      | Reached XP level 1. HP: 14/14 MP: 1/1
   662 | D:1      | Reached XP level 2. HP: 14/19 MP: 2/2
  1115 | D:2      | Reached skill level 3 in Maces & Flails
  1402 | D:2      | Reached XP level 3. HP: 23/23 MP: 3/3
  1829 | D:3      | Reached skill level 4 in Maces & Flails
  1880 | D:3      | Reached XP level 4. HP: 28/28 MP: 4/4
  1944 | D:3      | Noticed Jessica
  1957 | D:3      | Killed Jessica
  1979 | D:3      | Identified Jessica's Compendium of Dislocation
  2019 | D:3      | Found a shimmering altar of Xom.
  2025 | D:3      | Found a burning altar of Makhleb.
  2029 | D:3      | Reached skill level 5 in Maces & Flails
  2029 | D:3      | Reached XP level 5. HP: 30/32 MP: 5/5
  2042 | D:3      | Became a worshipper of Makhleb the Destroyer
  2254 | D:4      | Found a white marble altar of Elyvilon.
  2547 | D:4      | Reached XP level 6. HP: 37/37 MP: 6/6
  2568 | D:4      | Noticed a hungry ghost
  2570 | D:4      | Reached skill level 6 in Maces & Flails
  2583 | D:4      | Paralysed by fainting for 8 turns
  2610 | D:4      | Killed a hungry ghost
  2807 | D:4      | Reached skill level 7 in Maces & Flails
  2948 | D:4      | Found a shimmering blue altar of Sif Muna.
  3152 | D:5      | Entered Level 5 of the Dungeon
  3225 | D:5      | Reached XP level 7. HP: 39/41 MP: 7/7
  3485 | D:5      | Reached skill level 8 in Maces & Flails
  3559 | D:5      | Reached * piety under Makhleb
  3561 | D:5      | HP: 2/41 [leopard gecko (1)]
  4314 | D:6      | Reached XP level 8. HP: 46/46 MP: 8/8
  4360 | D:6      | Reached skill level 9 in Maces & Flails
  4710 | D:6      | Found a staircase to the Ecumenical Temple.
  4728 | D:6      | Reached skill level 10 in Maces & Flails
  4839 | D:6      | Found Inyisker's Food Shoppe.
  4842 | D:6      | Bought a ration for 50 gold pieces
  4842 | D:6      | Bought a ration for 50 gold pieces
  5016 | D:6      | Found a stormy altar of Qazlal.
  5021 | D:6      | Found a sacrificial altar of Ru.
  5427 | D:7      | Reached ** piety under Makhleb
  5527 | D:7      | Noticed a hippogriff
  5537 | D:7      | Killed a hippogriff
  5537 | D:7      | Reached XP level 9. HP: 34/52 MP: 9/9
  5722 | D:7      | Reached skill level 11 in Maces & Flails
  6443 | D:8      | Found Cunool's Magic Scroll Shop.
  6866 | D:8      | Found Vorufroicw's Magic Scroll Shop.
  6887 | D:8      | Reached skill level 5 in Fighting
  6896 | D:8      | Reached skill level 5 in Armour
  6974 | D:8      | Got a pitted dagger
  6979 | D:8      | Identified the +4 dagger of Terror {pierce, *Contam rElec
                  | rPois} (You found it on level 8 of the Dungeon)
  7030 | D:8      | Reached *** piety under Makhleb
  7059 | D:8      | Noticed Psyche
  7076 | D:8      | Killed Psyche
  7076 | D:8      | Reached skill level 12 in Maces & Flails
  7435 | D:8      | Got a crude rapier
  7436 | D:8      | Identified the cursed +2 rapier of Cenoirow {antimagic,
                  | Dex+4} (You found it on level 8 of the Dungeon)
  7453 | D:8      | Found a shattered altar of Ashenzari.
  7533 | D:9      | You fall into a shaft and drop 3 floors!
  7534 | D:12     | Noticed a skeletal warrior
  7534 | D:12     | Noticed a skeletal warrior
  7541 | D:12     | Noticed a skeletal warrior
  7544 | D:12     | Noticed a skeletal warrior
  7550 | D:12     | Mangled by a skeletal warrior

Levels and vault maps discovered:
D:1:      dpeg_arrival_orchard, layout_basic, lemuel_flame_loot_1
D:2:      layout_basic
D:3:      layout_rooms, grunt_temple_overflow_champion_of_chaos,
          kennysheep_jessica_study
D:4:      layout_loops_ring, led_sif_pool, nicolae_overflow_crystal_walls,
          first_ration, minivault_24, corexii_shack
D:5:      layout_basic, chequers_serial_rivers_large_a
D:6:      layout_loops_cross, minitemple, minmay_temple_entry_hall,
          serial_shops, shop
D:7:      layout_basic
D:8:      layout_loops_ring, lemuel_round_altar, serial_shops,
          nicolae_shop_waterfront, nicolae_shop_waterfront, uniq_psyche
D:9:      layout_loops_ring, serial_glass, glass_columns_b, glass_columns_c,
          the_bakery, serial_park_tiny_pond, nicolae_zen_rock_garden
D:12:     layout_loops_ring, serial_shops, nicolae_shop_crystal,
          chequers_avenue, kennysheep_potato, uniq_josephine

Skill      XL: |  1  2  3  4  5  6  7  8  9 |
---------------+----------------------------+-----
Maces & Flails | 3 4 5 7 8 10 12 | 12.0
Fighting       | 4 5 |  5.5
Armour         | 5 |  5.6
Stealth        | |  0.2
Shields        | |  3.4

Action                   |  1- 3 |  4- 6 |  7- 9 || total
-------------------------+-------+-------+-------++-------
Melee: Flail             |   109 |   158 |   555 ||   822
  Use: Scroll            |       |     9 |    15 ||    24
       Potion            |       |       |     1 ||     1
  Eat: Ration            |     1 |     5 |     4 ||    10
       Chunk             |       |       |     1 ||     1
Armor: Scale mail        |    57 |    73 |   288 ||   418
Dodge: Dodged            |    35 |    48 |   137 ||   220
       Deflected         |       |       |     5 ||     5
Block: Shield            |    66 |    65 |   227 ||   358

Table legend:
 A = Non-vault XP
 B = Vault XP
 C = Vault XP percentage of total XP
 D = Non-vault monster count
 E = Vault monster count
 F = Vault count percentage of total count
                 A         B        C        D         E       F
            +---------+---------+-------+---------+---------+-------
      Total |    3944 |     528 |  11.8 |     173 |       5 |   2.8
            +---------+---------+-------+---------+---------+-------
        D:1 |      14 |       0 |   0.0 |       7 |       0 |   0.0
        D:2 |      40 |       0 |   0.0 |      14 |       0 |   0.0
        D:3 |      51 |      87 |  63.0 |      18 |       3 |  14.3
        D:4 |     381 |       2 |   0.5 |      15 |       1 |   6.2
        D:5 |     474 |       0 |   0.0 |      26 |       0 |   0.0
        D:6 |     743 |       0 |   0.0 |      26 |       0 |   0.0
        D:7 |    1029 |       0 |   0.0 |      25 |       0 |   0.0
        D:8 |    1212 |     439 |  26.6 |      42 |       1 |   2.3
            +---------+---------+-------+---------+---------+-------
